 Dungeon Crawl Stone Soup version 0.25.0-46-gbd7b0854d2 (webtiles) character file.

Game seed: 8498089049699780880

241 Delamore the Cudgeler (level 6, -2/38 HPs)
             Began as a Gargoyle Fighter on July 14, 2020.
             Killed from afar by an orc wizard (9 damage)
             ... with a magic dart
             ... on level 4 of the Dungeon.
             The game lasted 00:02:07 (3072 turns).

Delamore the Cudgeler (Gargoyle Fighter)            Turns: 3072, Time: 00:02:08

Health: -2/38      AC: 12    Str: 22    XL:     6   Next: 8%
Magic:  6/6        EV:  7    Int:  8    God:
Gold:   81         SH:  9    Dex:  9    Spells: 5/5 levels left

rFire    . . .     SeeInvis .   a - +0 flail
rCold    . . .     Gourm    .   c - +0 kite shield
rNeg     + . .     Faith    .   b - +0 scale mail
rPois    ∞         Spirit   .   e - +0 helmet
rElec    +         Reflect  .   (no cloak)
rCorr    .         Harm     .   (no gloves)
MR       .....                  (no boots)
Stlth    ..........             (no amulet)
HPRegen  0.12/turn              (no ring)
MPRegen  0.10/turn              (no ring)

@: slowed, very slow
A: negative energy resistance 1, electricity resistance, unbreathing,
petrification resistance, rot immunity, AC +4
a: no special abilities


You were on level 4 of the Dungeon.
You were not hungry.

You visited 1 branch of the dungeon, and saw 4 of its levels.

You collected 81 gold pieces.

Inventory:

Hand Weapons
 a - a +0 flail (weapon)
Armour
 b - a +0 scale mail (worn)
 c - a +0 kite shield (worn)
 e - a +0 helmet (worn)
Scrolls
 g - 3 scrolls of identify {unknown}
 h - a scroll of fear {unknown}
 k - 3 scrolls of teleportation {unknown}
 m - 4 scrolls of remove curse {unknown}
 q - a scroll of noise {unknown}
 r - a scroll of magic mapping {unknown}
Potions
 d - a potion of might
 i - a potion of brilliance {unknown}
 j - 2 potions of curing {unknown}
 l - a potion of stabbing {unknown}
 n - a potion of lignification {unknown}
 o - a potion of flight {unknown}
Comestibles
 f - 13 rations


   Skills:
 - Level 3.9 Fighting
 + Level 5.8 Maces & Flails
 - Level 3.2 Armour
 - Level 3.2 Shields


You had 5 spell levels left.
You didn't know any spells.
Your spell library was empty.

Dungeon Overview and Level Annotations

Branches:
Dungeon (4/15)
 Temple: D:4-7

Altars:


Innate Abilities, Weirdness & Mutations

You are resistant to torment.
Your stone body is resilient. (AC +4)
You are immune to poison.
You resist negative energy. (rN+)
You are resistant to electric shocks. (rElec)
You can survive without breathing.
You are immune to petrification.
You are immune to rotting.


Message History

You barely miss the orc wizard. You block the orc wizard's attack.
The orc wizard casts a spell at you.
You feel yourself slow down. The orc wizard casts a spell at you.
The puff of frost hits you but does no damage.
You sock the orc wizard!
The orc wizard is heavily wounded.
The orc wizard casts a spell.
The orc wizard blinks!
The orc wizard hits you but does no damage.
You block the orc wizard's attack.
The orc wizard hits you but does no damage.
The orc wizard gestures at you while chanting.
The magic dart hits you!
* * * LOW HITPOINT WARNING * * *
You closely miss the orc wizard.
The orc wizard is heavily wounded.
The orc wizard gestures at you while chanting.
The magic dart hits you!
You die...

###.### #.#
....... #.#
.>.....##.#
#........######
.#..............
o.o.........#
.......#...#...
####...##o##
#### #@# #o# .#
##o##.#
##.o.#.###
##..........
##.......####
##.........#
#'.........+
##.........#


You could see 2 orc wizards and 2 orcs.

Vanquished Creatures
  A phantom (D:3)
  An orc priest (D:4)
  Robin (D:3)
  3 adders
  A shadow imp (D:3)
  3 dart slugs
  2 leopard geckos
  8 orcs (D:3)
  2 bats
  2 giant cockroaches
  15 goblins
  9 hobgoblins
  2 jackals (D:3)
  2 frilled lizards
  6 kobolds
  7 rats
65 creatures vanquished.

Notes
Turn   | Place    | Note
-------+----------+-------------------------------------------
     0 | D:1      | Delamore the Gargoyle Fighter began the quest for the Orb.
     0 | D:1      | Reached XP level 1. HP: 14/14 MP: 1/1
   295 | D:1      | Reached XP level 2. HP: 19/19 MP: 2/2
   884 | D:1      | Reached XP level 3. HP: 24/24 MP: 3/3
   921 | D:2      | Reached skill level 3 in Maces & Flails
  1808 | D:3      | Noticed a phantom
  2033 | D:3      | Killed a phantom
  2033 | D:3      | Reached skill level 4 in Maces & Flails
  2033 | D:3      | Reached XP level 4. HP: 14/29 MP: 4/4
  2033 | D:3      | Reached XP level 5. HP: 16/33 MP: 5/5
  2262 | D:3      | Reached skill level 5 in Maces & Flails
  2635 | D:3      | Noticed Robin
  2646 | D:3      | Killed Robin
  3061 | D:4      | Reached XP level 6. HP: 22/38 MP: 6/6
  3072 | D:4      | Killed from afar by an orc wizard

Illustrated notes

Levels and vault maps discovered:
D:1:      dpeg_arrival_long_road, layout_basic, serial_co_window_serial,
          co_window_of_opportunity_a, co_window_of_opportunity_a,
          co_window_of_opportunity_a, co_window_paths_a, co_window_paths_a,
          co_window_unsneaky_path_a, co_window_cross_3, co_window_2corner,
          co_window_of_opportunity_b, co_window_of_opportunity_b,
          co_window_corner_cb, co_window_paths_e, co_window_sun,
          glass_columns_a, glass_columns_a, glass_columns_c, glass_columns_a
D:2:      layout_basic, serial_corexii_hall, corexii_hall_statues_i,
          chequers_hall_statues_corner_a, dk_vineyard_2
D:3:      layout_basic, uniq_robin
D:4:      minmay_wonky_spiral, layout_loops_corners, kennysheep_vampire_church,
          ebering_ghost_reflecting_pool, okawaru_trees_2

Skill      XL: |  1  2  3  4  5 |
---------------+----------------+-----
Maces & Flails | 4 5 |  5.8
Fighting       | |  3.9
Armour         | |  3.2
Shields        | |  3.2

Action                   |  1- 3 |  4- 6 || total
-------------------------+-------+-------++-------
Melee: Flail             |   125 |   114 ||   239
  Eat: Chunk             |     2 |     2 ||     4
       Ration            |       |     1 ||     1
Armor: Scale mail        |    58 |    83 ||   141
Dodge: Dodged            |    35 |    55 ||    90
Block: Kite shield       |    64 |    80 ||   144
